 Dungeon Crawl Stone Soup version 0.29.1-1-gd02db6906a (webtiles) character file.

Game seed: 10948068694985163167

140 nshep25 the Covered (level 5, 0/47 HPs)
             Began as a Minotaur Fighter on Oct 11, 2022.
             Slain by an ice beast (1 damage)
             ... on level 4 of the Dungeon.
             The game lasted 00:03:40 (2673 turns).

nshep25 the Covered (Minotaur Fighter)              Turns: 2673, Time: 00:03:42

Health: 0/47       AC:  7    Str: 22    XL:     5   Next: 2%
Magic:  4/4        EV:  9    Int:  5    God:
Gold:   152        SH:  4    Dex: 10    Spells: 4/4 levels left

rFire   . . .      SeeInvis .   a - +0 war axe
rCold   . . .      Faith    .   c - +0 buckler
rNeg    . . .      Spirit   .   b - +0 scale mail
rPois   .          Reflect  .   (helmet restricted)
rElec   .          Harm     .   (no cloak)
rCorr   .          Rampage  .   (no gloves)
Will    .....                   (no boots)
Stlth   ..........              (no amulet)
HPRegen 0.15/turn               (no ring)
MPRegen 0.09/turn               (no ring)

@: no status effects
A: horns 2, retaliatory headbutt
a: no special abilities


You were on level 4 of the Dungeon.
You visited 1 branch of the dungeon, and saw 4 of its levels.

You collected 152 gold pieces.

Inventory:

Hand Weapons
 a - a +0 war axe (weapon)
Armour
 b - a +0 scale mail (worn)
 c - a +0 buckler (worn)
Jewellery
 g - a +6 ring of dexterity
Wands
 k - a wand of flame (21)
Scrolls
 i - 2 scrolls of poison {unknown}
 j - a scroll of vulnerability {unknown}
 m - 3 scrolls of identify {unknown}
Potions
 d - 2 potions of might
 e - a potion of curing {unknown}
 f - a potion of haste {unknown}
 h - a potion of cancellation {unknown}
 l - a potion of magic {unknown}
 n - a potion of lignification {unknown}


   Skills:
 + Level 4.3 Fighting
 + Level 4.1 Axes
 + Level 4.8 Armour
 + Level 4.4 Shields


You had 4 spell levels left.
You didn't know any spells.
Your spell library was empty.

Dungeon Overview and Level Annotations

Branches:
Dungeon (4/15)
 Temple: D:4-7

Altars:


Innate Abilities, Weirdness & Mutations

You have a pair of horns on your head.
You reflexively headbutt those who attack you in melee.


Message History

An ice beast comes into view.
You block the endoplasm's attack.
You slash the endoplasm!
You kill the endoplasm!
You hit the ice beast but do no damage. You block the ice beast's attack.
The ice beast barely misses you. You furiously retaliate!
You headbutt the ice beast! You closely miss the ice beast.
The ice beast is moderately wounded.
The ice beast hits you. The ice beast freezes you!
You closely miss the ice beast.
The ice beast is moderately wounded.
The ice beast hits you. The ice beast freezes you!
You closely miss the ice beast. Your headbutt misses the ice beast.
The ice beast is moderately wounded.
The ice beast hits you but does no damage. x2
You slash the ice beast!
The ice beast is heavily wounded.
You block the ice beast's attack.
You hit the ice beast but do no damage.
The ice beast is heavily wounded.
The ice beast hits you but does no damage.
You hit the ice beast but do no damage. You headbutt the ice beast.
The ice beast is severely wounded.
The ice beast hits you but does no damage.
The ice beast hits you. The ice beast freezes you!
* * * LOW HITPOINT WARNING * * *
You barely miss the ice beast.
The ice beast is severely wounded.
The ice beast hits you but does no damage.
You barely miss the ice beast.
The ice beast is severely wounded.
The ice beast hits you.
* * * LOW HITPOINT WARNING * * *
The ice beast freezes you!
* * * LOW HITPOINT WARNING * * *
You hit the ice beast but do no damage. You headbutt the ice beast.
The ice beast is severely wounded.
The ice beast hits you.
You die...

.. #....#.## #.
#.......## ## #.
#)#...#..# ...# #.
##.##...#.####.#.. #[
##..##...#..[....#
#.##..####...#......#
.##.#..## ##.........#
....†<## ###.......#
#....## #.@Y....#
#.....## ###.......#
#......#####............
#....#†...#...##......##
#.#######....# #......#
.. ###......###..#..##
..###...#..#.........#
......................
....####.######..


You could see an ice beast.

Vanquished Creatures
  5 adders
  A worm (D:2)
  3 dart slugs
  2 orcs
  9 bats
  7 endoplasms
  3 giant cockroaches
  6 goblins
  7 hobgoblins
  9 jackals
  7 kobolds
  6 quokkas
  3 ball pythons
  2 frilled lizards
  6 rats
76 creatures vanquished.

Notes
Turn   | Place    | Note
-------+----------+-------------------------------------------
     0 | D:1      | nshep25 the Minotaur Fighter began the quest for the Orb.
     0 | D:1      | Reached XP level 1. HP: 19/19 MP: 0/0
   154 | D:1      | Reached XP level 2. HP: 27/27 MP: 1/1
   524 | D:2      | Reached XP level 3. HP: 16/33 MP: 2/2
  1525 | D:2      | Reached XP level 4. HP: 40/40 MP: 3/3
  1754 | D:2      | Found a faded altar of an unknown god.
  2573 | D:4      | Reached XP level 5. HP: 38/47 MP: 4/4
  2660 | D:4      | Noticed an ice beast
  2672 | D:4      | HP: 1/47 [ice beast (9)]
  2673 | D:4      | Slain by an ice beast

Illustrated notes

Levels and vault maps discovered:
D:1:      grunt_arrival_crossed_arrows, layout_rooms,
          minmay_misc_feat_more_columns
D:2:      layout_basic, hellmonk_ecumenical_altar_inner_sanctum
D:3:      minmay_wonky_spiral, layout_basic
D:4:      layout_rooms, lemuel_tele_altar, old_standard_altar

Skill      XL: |  1  2  3  4 |
---------------+-------------+-----
Fighting       | 4 |  4.3
Armour         | 4 |  4.8
Shields        | 4 |  4.4
Axes           | 3 4 |  4.1

Action                   |  1- 3 |  4- 6 || total
-------------------------+-------+-------++-------
Melee: War axe           |    63 |    76 ||   139
       Headbutt          |     3 |     7 ||    10
Armor: Scale mail        |    26 |    35 ||    61
Dodge: Dodged            |    52 |    24 ||    76
Block: Buckler           |    20 |    19 ||    39
